 Dungeon Crawl Stone Soup version 0.20-a0-633-gff4aa5c (webtiles) character file.

9716 TuxedoFelix the Severer (level 11, -23/157 HPs)
             Began as a Minotaur Berserker on Feb 11, 2017.
             Was an Elder of Trog.
             Annihilated by Nico3ck's ghost (32 damage)
             ... on level 12 of the Dungeon.
             The game lasted 00:54:04 (9932 turns).

TuxedoFelix the Severer (Minotaur Berserker)        Turns: 9932, Time: 00:54:05

Health: -23/157    AC: 16    Str: 34    XL:     11   Next: 26%
Magic:  0/10       EV:  9    Int:  7    God:    Trog [****..]
Gold:   423        SH:  0    Dex:  9    Spells: 10/10 levels left

rFire    . . .     SeeInvis .   g - +0 war axe
rCold    . . .     Gourm    .   D - +2 chain mail of Going Fast {rN++ MR+ Str+3}
rNeg     + + .     Faith    .   (no shield)
rPois    .         Spirit   +   S - +2 hat
rElec    .         Reflect  .   (no cloak)
rCorr    .         Harm     .   v - +2 pair of gloves
MR       +....                  (no boots)
Stlth    ..........             p - amulet of guardian spirit
Regen    0.4/turn               E - ring of flight
                                u - +3 ring of intelligence

@: berserking, very quick
A: retaliatory headbutt, horns 2
a: Berserk, Trog's Hand, Brothers in Arms, Burn Spellbooks, Renounce Religion,
Evoke Flight


You were on level 12 of the Dungeon.
You worshipped Trog.
Trog was greatly pleased with you.
You were very hungry.

You visited 1 branch of the dungeon, and saw 10 of its levels.
You also visited: Sewer.

You collected 423 gold pieces.

Inventory:

Hand Weapons
 g - a +0 war axe (weapon)
 y - a +0 shortbow
 G - a +0 arbalest
Missiles
 e - 65 bolts
 r - 140 arrows
 w - 3 tomahawks (quivered)
 M - 4 silver tomahawks
Armour
 v - a +2 pair of gloves (worn)
 D - the +2 chain mail of Going Fast (worn) {rN++ MR+ Str+3}
   (You found it on level 9 of the Dungeon)

   It affects your strength (+3).
   It greatly protects you from negative energy.
   It affects your resistance to hostile enchantments.
 O - a +0 plate armour
 Q - +0 acid dragon scales
 S - a +2 hat (worn)
Jewellery
 p - an amulet of guardian spirit (around neck)
 u - a +3 ring of intelligence (left hand)
 E - a ring of flight (right hand)
Wands
 a - a wand of enslavement (14/24)
 l - a wand of polymorph (17/24)
 C - a wand of lightning (3/15)
 T - a wand of lightning (12/15)
Scrolls
 b - 2 scrolls of amnesia
 d - 7 scrolls of teleportation
 f - 2 scrolls of magic mapping
 i - 5 scrolls of remove curse
 k - 4 scrolls of recharging
 m - 2 scrolls of immolation
 x - a scroll of blinking
 B - a scroll of enchant weapon {unknown}
 K - a scroll of summoning {unknown}
 P - a scroll of noise {unknown}
 R - a scroll of enchant armour {unknown}
Potions
 c - a potion of might {unknown}
 h - a potion of mutation {unknown}
 j - 2 potions of degeneration
 n - a potion of heal wounds {unknown}
 o - 3 potions of resistance
 q - 3 potions of curing
 s - a potion of cancellation {unknown}
 t - 2 potions of magic
 z - a potion of invisibility {unknown}
 A - 2 potions of lignification
 N - a potion of berserk rage {unknown}
 U - 2 potions of haste {unknown}
Books
 J - a book of Debilitation

   Spells                             Type                      Level
   a - Corona                         Hexes                        1
   b - Slow                           Hexes                        2
   c - Gell's Gravitas                Hexes/Translocation          3
   d - Inner Flame                    Hexes/Fire                   3
   e - Cause Fear                     Hexes                        4
   f - Leda's Liquefaction            Hexes/Earth                  4
   Trog disapproves of the use of such an item.
Miscellaneous
 F - a lightning rod (4/4)


   Skills:
 + Level 12.4 Fighting
 * Level 16.4 Axes
 - Level 2.6 Armour
 - Level 2.2 Dodging


You had 10 spell levels left.
You didn't know any spells.

Dungeon Overview and Level Annotations

Branches:
Dungeon (12/15)               Orc (0/2) D:10
 Temple: D:4-7         Lair: D:8-11

Altars:
Kikubaaqudgha
Nemelex Xobeh
Beogh

Shops:
D:8 ?   D:11 :

Annotations:
D:12 Nessos; Nico3ck's ghost, journeyman MiBe


Innate Abilities, Weirdness & Mutations

You reflexively headbutt those who attack you in melee.
You have a pair of horns on your head.


Message History

Nico3ck's ghost is moderately damaged.
You closely miss Nico3ck's ghost. Your headbutt misses Nico3ck's ghost.
Nico3ck's ghost is moderately damaged.
Nico3ck's ghost hits you but does no damage.
You slice Nico3ck's ghost!! Your headbutt misses Nico3ck's ghost.
Nico3ck's ghost is severely damaged.
You hit Nico3ck's ghost but do no damage.
Your headbutt misses Nico3ck's ghost.
Nico3ck's ghost is severely damaged.
Nico3ck's ghost hits you!!
* * * LOW HITPOINT WARNING * * *
Nico3ck's ghost freezes you!
* * * LOW HITPOINT WARNING * * *
You are too berserk!
You slice Nico3ck's ghost!! Your headbutt misses Nico3ck's ghost.
Nico3ck's ghost is almost destroyed.
You closely miss Nico3ck's ghost.
Nico3ck's ghost is almost destroyed.
Nico3ck's ghost hits you!!
You die...

...............# #........##...
..####.........# #........##...
...............#####........##...
.................................
.....####################........
###..#..................#.......#
.....#..................#.......#
.....#..................#.......#
.....#..........@W......#.......#
.....#..................#.......#
.....###'#########....###.......#
.....'....# #####......####
.....#.......... ......# ..
.....#.......... #...
.....#.......... #...
####.#.......... #... .
..########### ####


You could see Nico3ck's ghost.

Vanquished Creatures
  3 two-headed ogres
  Sonja (D:10)
  2 ugly things
  A cyclops (D:11)
  2 centaur skeletons
  A troll (D:11)
  A hornet (D:8)
  2 hippogriffs
  A wyvern (D:12)
  6 yaks (D:12)
  A vampire (D:10)
  A hungry ghost (D:7)
  An acid dragon (D:11)
  A water moccasin (D:7)
  4 orc warriors
  3 ice beasts
  2 phantoms
  A necrophage (D:11)
  7 ogres
  The ghost of Raykoid666 the Charmwright, an amateur DsSk (Sewer)
  2 centaurs (D:7)
  A crocodile (D:8)
  The ghost of dobroeutro the Cudgeler, an amateur GrFi (D:3)
  A big kobold (D:10)
  5 bullfrogs
  A wyvern skeleton (D:10)
  A scorpion (D:10)
  4 crimson imps
  A bullfrog zombie (D:12)
  2 quasits
  2 bullfrog skeletons
  6 orc priests
  2 hounds
  A jelly (D:11)
  7 orc wizards
  2 worker ants
  A killer bee zombie (D:10)
  13 adders
  A river rat (D:3)
  3 shadow imps
  An ooze (D:3)
  3 worms (D:3)
  3 dart slugs
  6 leopard geckos
  21 orcs
  3 giant cockroaches
  3 goblins
  5 hobgoblins
  10 jackals
  5 quokkas
  3 ball pythons
  5 bats
  7 frilled lizards
  A jackal skeleton (D:4)
  A jackal zombie (D:7)
  13 kobolds
  9 rats
198 creatures vanquished.

Notes
Turn   | Place    | Note
-------+----------+-------------------------------------------
     0 | D:1      | TuxedoFelix the Minotaur Berserker began the quest for the Orb.
     0 | D:1      | Reached XP level 1. HP: 19/19 MP: 0/0
   536 | D:1      | Reached XP level 2. HP: 27/27 MP: 1/1
   612 | D:1      | Reached skill level 4 in Axes
   810 | D:2      | Reached XP level 3. HP: 32/33 MP: 2/2
   869 | D:2      | Reached ** piety under Trog
  1349 | D:3      | Reached skill level 5 in Axes
  1349 | D:3      | Reached XP level 4. HP: 36/41 MP: 3/3
  1578 | D:3      | Found a glowing drain.
  1589 | D:3      | Reached skill level 5 in Fighting
  1745 | D:3      | Noticed dobroeutro's ghost (amateur GrFi)
  1754 | D:3      | Killed dobroeutro's ghost
  1754 | D:3      | Reached skill level 6 in Axes
  1754 | D:3      | Reached XP level 5. HP: 29/48 MP: 4/4
  1988 | Sewer    | Entered a sewer
  2155 | Sewer    | Noticed Raykoid666's ghost (amateur DsSk)
  2168 | Sewer    | Killed Raykoid666's ghost
  2168 | Sewer    | Reached XP level 6. HP: 56/56 MP: 2/5
  2246 | Sewer    | Reached skill level 7 in Axes
  3984 | D:4      | You fall through a shaft for 3 floors!
  4010 | D:7      | Reached skill level 8 in Axes
  4010 | D:7      | Reached XP level 7. HP: 47/64 MP: 6/6
  4311 | D:7      | Reached *** piety under Trog
  4316 | D:7      | Reached skill level 9 in Axes
  4690 | D:7      | Reached XP level 8. HP: 37/73 MP: 2/7
  4962 | D:7      | Found an ancient bone altar of Kikubaaqudgha.
  5129 | D:7      | Reached skill level 10 in Axes
  5665 | D:8      | Found Gelaec's Magic Scroll Emporium.
  5777 | D:8      | Got a heavily runed leather armour
  5798 | D:8      | Noticed a hornet
  5806 | D:8      | Killed a hornet
  5806 | D:8      | Reached skill level 11 in Axes
  6173 | D:8      | Reached XP level 9. HP: 57/82 MP: 3/8
  6705 | D:9      | Reached skill level 12 in Axes
  6707 | D:9      | Got a jewelled chain mail
  6744 | D:9      | Identified the +3 leather armour of Ucaol {*Drain rPois rF- MP+9} (You found it on level 8 of the Dungeon)
  6754 | D:9      | Identified the +2 chain mail of Going Fast {rN++ MR+ Str+3} (You found it on level 9 of the Dungeon)
  6874 | D:9      | Found a sparkling altar of Nemelex Xobeh.
  6882 | D:9      | You fall through a shaft!
  6882 | D:10     | Entered Level 10 of the Dungeon
  6882 | D:10     | Found a staircase to the Orcish Mines.
  7351 | D:10     | Found a roughly hewn altar of Beogh.
  7435 | D:10     | Noticed Sonja
  7449 | D:10     | Killed Sonja
  7449 | D:10     | Reached skill level 10 in Fighting
  7449 | D:10     | Reached skill level 13 in Axes
  7876 | D:10     | Reached XP level 10. HP: 75/94 MP: 9/9
  8026 | D:10     | Reached skill level 14 in Axes
  8096 | D:10     | Reached **** piety under Trog
  8143 | D:11     | Noticed a cyclops
  8152 | D:11     | Killed a cyclops
  8235 | D:11     | Found Ykellus's Book Boutique.
  8236 | D:11     | Noticed a green ugly thing
  8244 | D:11     | Killed a green ugly thing
  8334 | D:11     | Reached skill level 15 in Axes
  8485 | D:11     | Noticed a two-headed ogre
  8491 | D:11     | Killed a two-headed ogre
  8808 | D:12     | Noticed a two-headed ogre
  8820 | D:12     | Killed a two-headed ogre
  9062 | D:12     | Noticed Nessos
  9072 | D:11     | HP: 3/97 [poisoned by Nessos]
  9504 | D:12     | Noticed a two-headed ogre
  9510 | D:12     | Killed a two-headed ogre
  9510 | D:12     | Reached skill level 16 in Axes
  9510 | D:12     | Reached XP level 11. HP: 73/104 MP: 6/10
  9597 | D:12     | Noticed a purple ugly thing
  9609 | D:12     | Killed a purple ugly thing
  9914 | D:12     | Noticed Nico3ck's ghost (journeyman MiBe)
  9932 | D:12     | Annihilated by Nico3ck's ghost

Vault maps used:
D:1:      dpeg_arrival_stone_temple_mockup
D:3:      portal_sewer_entry_a
D:7:      basic_altar
D:8:      serial_shops, kennysheep_mini_moat
D:9:      dpeg_lair_monsters, serial_shops, shop, the_bakery,
          kennysheep_cross_room, nicolae_water_bricks,
          nemelex_spade_bored_becter
D:10:     minmay_orc_entry_temple_small, nicolae_wwwww, uniq_sonja
D:11:     serial_shops, shop
D:12:     serial_shops, kennysheep_mini, uniq_nessos
Sewer:    sewer_co_scattered_pipes

Skill      XL: |  1  2  3  4  5  6  7  8  9 10 |
---------------+-------------------------------+-----
Axes           | 4 5 6 8 9 11 13 16 | 16.4
Fighting       | 4 5 6 7 8 10 12 | 12.4
Armour         | |  2.6
Dodging        | |  2.2

Action                   |  1- 3 |  4- 6 |  7- 9 | 10-12 || total
-------------------------+-------+-------+-------+-------++-------
Melee: Hand axe          |    69 |    90 |       |       ||   159
       Headbutt          |    12 |    17 |    38 |    47 ||   114
       War axe           |       |    53 |   215 |   175 ||   443
Invok: Berserk           |     1 |     2 |     5 |     1 ||     9
       Trog's Hand       |     1 |     2 |     8 |     3 ||    14
       Burn Spellbooks   |       |       |       |     1 ||     1
  Use: Scroll            |     3 |     4 |     1 |     5 ||    13
       Potion            |       |     2 |     1 |     1 ||     4
 Stab: Sleeping          |     1 |       |       |       ||     1
  Eat: Chunk             |     1 |     4 |    14 |     7 ||    26
       Bread ration      |       |     1 |     1 |       ||     2
       Meat ration       |       |     1 |     1 |       ||     2
       Royal jelly       |       |       |     1 |       ||     1
Armor: Animal skin       |     2 |       |       |       ||     2
       Ring mail         |    25 |    87 |    30 |       ||   142
       Chain mail        |       |       |    55 |    60 ||   115
Dodge: Dodged            |    43 |   109 |   111 |    59 ||   322
